Match 47174313
Unlisted

Match 47174313
End
Kradschützen Motorcycle Team
Panzerpioneer Squad
Panzerpioneer Squad
Panzerpioneer Squad
Selects Italian Combined Arms Battlegroup
Selects Bersaglieri Squad
Construct Light Support Kompanie
2.5-tonne Medical Truck
MG34 Team
Fire Support Elements
Panzerjäger Mechanized Group
Selects Semovente da 75/18 Assault Gun
Semovente da 75/18 Assault Gun
2.5-tonne Medical Truck
Veteran Squad Leaders
Selects Strafing Run
Semovente da 75/18 Assault Gun
Pak 38 Mechanized Group
Strafing Run
Construct Panzerarmee Kommand
Selects Pact of Steel
Rapid Advance
Strafing Run
Armored Reserves
Emergency Repair Kits
Selects Vehicle Support - Secure Location
Selects Vehicle Support - Force Recon
Gear-IV-G
Billy Mitchell
Toelix
Alpha_Roger
Still In Love
Komeiji Satori
0
0

Comments sign in to comment!

No comments posted yet!